 Dungeon Crawl Stone Soup version 0.24-a0-176-gc3651c4 (webtiles) character file.

Game seed: 5760461522723411342

146 Ijustatesigmund the Magician (level 5, -5/36 HPs)
             Began as an Octopode Wizard on Mar 12, 2019.
             Killed by divine providence
             ... invoked by an orc priest
              (15 damage)
             ... on level 4 of the Dungeon.
             The game lasted 00:08:45 (4159 turns).

Ijustatesigmund the Magician (Octopode Wizard)      Turns: 4159, Time: 00:08:46

Health: -5/36      AC:  1    Str:  6    XL:     5   Next: 28%
Magic:  5/9        EV: 13    Int: 20    God:
Gold:   202        SH:  0    Dex: 15    Spells: 4/10 levels left

rFire    . . .     SeeInvis .   g - +1 broad axe (freeze)
rCold    . . .     Gourm    .   (no shield)
rNeg     . . .     Faith    .   a - +0 hat
rPois    .         Spirit   .   e - amulet of rage
rElec    .         Reflect  .   k - +3 ring of dexterity
rCorr    .         Harm     .   (no ring)
MR       .....                  (no ring)
Stlth    +++.......             (no ring)
HPRegen  0.12/turn              (no ring)
MPRegen  0.11/turn              (no ring)
                                (no ring)
                                (no ring)

@: berserk cooldown, very slightly contaminated, slowed, very slow
A: almost no armour, stealthy swim, amphibious, 8 rings, constrict 8, tentacle
spike 1, camouflage 1, robust 1, gelatinous body 1
a: Evoke Berserk Rage


You were on level 4 of the Dungeon.
You were very hungry.

You visited 1 branch of the dungeon, and saw 4 of its levels.

You collected 202 gold pieces.

Inventory:

Hand Weapons
 g - a +1 broad axe of freezing (weapon)
Armour
 a - a +0 hat (worn)
Jewellery
 e - an amulet of rage (around mantle)
 k - a +3 ring of dexterity (left tentacle)
Scrolls
 d - 2 scrolls of teleportation
 i - a scroll of remove curse
 j - a scroll of identify
 l - a scroll of enchant armour {unknown}
Potions
 b - 2 potions of mutation
 h - 2 potions of curing
Comestibles
 c - 7 rations
 f - a chunk of flesh


   Skills:
 - Level 1.3 Fighting
 + Level 2.0 Axes
 - Level 2.0 Dodging
 - Level 2.6 Stealth
 - Level 3.0 Spellcasting
 + Level 3.0 Conjurations
   Level 1.0 Summonings
 + Level 2.7 Translocations


You had 4 spell levels left.
You knew the following spells:

 Your Spells              Type           Power        Failure   Level  Hunger
a - Magic Dart            Conj           ###.         4%          1    None
b - Blink                 Tloc           N/A          7%          2    ##.....
c - Conjure Flame         Conj/Fire      #.......     22%         3    ###....

Your spell library contained the following spells:

 Spells                   Type           Power        Failure   Level  Hunger
 Call Imp                 Summ           #.......     14%         2    ##.....
 Slow                     Hex            #.......     22%         2    ##.....
 Mephitic Cloud           Conj/Pois/Air  #.......     28%         3    ###....


Dungeon Overview and Level Annotations

Branches:
Dungeon (4/15)
 Temple: D:4-7

Altars:

Annotations:
D:3 3 runed translucent doors, Enish's ghost, amateur DrTm; Lanoc's ghost, amateur OpBe; XanderDroid's ghost, amateur MiBe


Innate Abilities, Weirdness & Mutations

You cannot wear most types of armour.
You are very stealthy in the water. (Stealth+)
You are amphibious.
You can wear up to eight rings at the same time.
You can use your tentacles to constrict eight enemies at once.
Your skin changes colour to match your surroundings (Stealth+).
Your rubbery body absorbs attacks. (AC +1, EV +1)
One of your tentacles bears a spike.
You are robust. (+10% HP)


Message History

* * * LOW HITPOINT WARNING * * *
You barely miss the orc priest. You grab the orc priest.
You pierce the orc priest!
You squeeze the orc priest.
You kill the orc priest!
Your Axes skill increases to level 2!
Your Conjurations skill increases to level 3!
Things that are here:
a +0 falchion; a +0 leather armour; an orc corpse You feel a strong urge to attack something.
An orc priest comes into view.
Found a stone staircase leading down.
The orc priest shouts!
Things that are here:
a +0 falchion; a +0 leather armour; an orc corpse You feel your anger nearly subside.
You are no longer berserk.
You are exhausted.
You feel yourself slow down.
The orc priest invokes the aid of Beogh against you.
Beogh smites you!
You die...

##.#### ...?.# #.# .
#..#.# #.# . ###....#
#.#.. (...!..#
#####.#. #..!.# #####
#......
#.##$.$.####...#
...>..#
#..o....).@..#.#
#.##..#
#..#.......#<..#
#.##<.#
##...#.###..####.##..#
.......##
##......รท...#
.......# ##.....##..#
#..#####>
#.#######(.... #.. #
#.# #..##. .. #.. #...
#.# .....


You could see an orc priest.

Vanquished Creatures
  An orc priest (D:4)
  An iguana (D:4)
  3 adders
  An ooze (D:3)
  4 worms
  A dart slug (D:1)
  4 leopard geckos
  4 orcs (D:3)
  A giant cockroach (D:1)
  2 goblins (D:1)
  7 hobgoblins
  2 ball pythons
  6 bats
  2 frilled lizards
  4 kobolds
  4 rats
47 creatures vanquished.

Notes
Turn   | Place    | Note
-------+----------+-------------------------------------------
     0 | D:1      | Ijustatesigmund the Octopode Wizard began the quest for the
                  | Orb.
     0 | D:1      | Reached XP level 1. HP: 11/11 MP: 4/4
   459 | D:1      | Reached skill level 1 in Fighting
   459 | D:1      | Reached XP level 2. HP: 18/18 MP: 3/6
   591 | D:1      | Learned a level 2 spell: Blink
  1778 | D:2      | Reached XP level 3. HP: 14/23 MP: 7/7
  2244 | D:2      | Learned a level 3 spell: Conjure Flame
  2595 | D:3      | Reached skill level 1 in Axes
  2649 | D:3      | Reached XP level 4. HP: 23/28 MP: 3/8
  3623 | D:3      | Gained mutation: One of your tentacles bears a spike.
                  | [potion of mutation]
  3623 | D:3      | Gained mutation: You are robust. (+10% HP) [potion of
                  | mutation]
  3777 | D:3      | Found a runed translucent gate.
  3777 | D:3      | Found a runed translucent gate.
  3782 | D:3      | Found a runed translucent gate.
  3805 | D:3      | Noticed Enish's ghost (amateur DrTm)
  3805 | D:3      | Noticed Lanoc's ghost (amateur OpBe)
  3805 | D:3      | Noticed XanderDroid's ghost (amateur MiBe)
  4106 | D:4      | Reached XP level 5. HP: 36/36 MP: 5/9
  4159 | D:4      | Killed from afar by an orc priest

Levels and vault maps discovered:
D:1:      grunt_arrival_crossed_arrows, layout_loops_ring,
          minmay_split_cup_small
D:2:      layout_basic, grunt_ministairs_4
D:3:      layout_loops_ring, gammafunk_ghost_cemetery, first_ration,
          grunt_decor_resistance, kennysheep_doodads
D:4:      layout_loops_ring, minmay_temple_entry_water_ring

Skill      XL: |  1  2  3  4  5 |
---------------+----------------+-----
Fighting       | 1 |  1.3
Conjurations   | 2 3 |  3.0
Axes           | 1 2 |  2.0
Translocations | 2 |  2.7
Dodging        | |  2.0
Stealth        | |  2.6
Spellcasting   | |  3.0
Summonings     | |  1.0

Action                   |  1- 3 |  4- 6 || total
-------------------------+-------+-------++-------
Melee: Dagger            |     5 |       ||     5
       Constrict         |     5 |     5 ||    10
       Whip              |     8 |       ||     8
       Broad axe         |    11 |    20 ||    31
       Tentacles         |     3 |     2 ||     5
       Kick              |       |     1 ||     1
 Cast: Magic Dart        |    58 |    30 ||    88
 Abil: Evoke Berserk Rag |     1 |     2 ||     3
  Use: Scroll            |     9 |     1 ||    10
       Potion            |       |     1 ||     1
 Stab: Sleeping          |       |     2 ||     2
  Eat: Chunk             |     4 |     4 ||     8
       Ration            |       |     1 ||     1
Armor: Skin              |     4 |     3 ||     7
Dodge: Dodged            |    23 |     9 ||    32

Table legend:
 A = Non-vault XP
 B = Vault XP
 C = Vault XP percentage of total XP
 D = Non-vault monster count
 E = Vault monster count
 F = Vault count percentage of total count
                 A         B        C        D         E       F
            +---------+---------+-------+---------+---------+-------
      Total |     195 |      14 |   6.7 |      42 |       5 |  10.6
            +---------+---------+-------+---------+---------+-------
        D:1 |      15 |       7 |  31.8 |      10 |       3 |  23.1
        D:2 |      42 |       7 |  14.3 |      11 |       2 |  15.4
        D:3 |      62 |       0 |   0.0 |      19 |       0 |   0.0
        D:4 |      76 |       0 |   0.0 |       2 |       0 |   0.0
            +---------+---------+-------+---------+---------+-------
